 Dungeon Crawl Stone Soup version 0.29-a0-911-g88e6f02907 (webtiles) character file.

Game seed: 8545073089143669480

4 lesaewzxc the Sneak (level 1, 0/12 HPs)
             Began as a Kobold Brigand on July 25, 2022.
             Slain by a jackal (2 damage)
             ... on level 1 of the Dungeon.
             The game lasted 00:00:32 (108 turns).

lesaewzxc the Sneak (Kobold Brigand)                 Turns: 108, Time: 00:00:33

Health: 0/12       AC:  3    Str:  8    XL:     1   Next: 66%
Magic:  1/1        EV: 14    Int: 12    God:
Gold:   0          SH:  0    Dex: 16    Spells: 0/0 levels left

rFire   . . .      SeeInvis .   a - +2 dagger
rCold   . . .      Faith    .   (no shield)
rNeg    . . .      Spirit   .   b - +0 robe
rPois   .          Reflect  .   (no helmet)
rElec   .          Harm     .   c - +0 cloak
rCorr   .          Rampage  .   (no gloves)
Will    .....                   (no boots)
Stlth   ++++......              (no amulet)
HPRegen 0.04/turn               (no ring)
MPRegen 0.07/turn               (no ring)

@: no status effects
A: small, no large weapons, nightstalker 3
a: no special abilities


You were on level 1 of the Dungeon.
You visited 1 branch of the dungeon, and saw 1 of its levels.

Inventory:

Hand Weapons
 a - a +2 dagger (weapon)
Missiles
 d - 9 poisoned darts (quivered)
 e - 3 curare-tipped darts
Armour
 b - a +0 robe (worn)
 c - a +0 cloak (worn)
Scrolls
 f - a scroll of identify {unknown}


   Skills:
 + Level 2.2 Fighting
 + Level 2.8 Short Blades
 + Level 2.2 Throwing
 + Level 1.3 Dodging
 + Level 5.3 Stealth


You couldn't memorise any spells.
You didn't know any spells.
Your spell library was empty.

Dungeon Overview and Level Annotations

Branches:
Dungeon (1/15)

Altars:


Innate Abilities, Weirdness & Mutations

You are small and have problems with some larger weapons.
You are completely attuned to the shadows.


Message History

There is a stone staircase leading down here.
Found a fuming ruby potion.
h - a fuming ruby potion
There are no items here.
It was a potion of curing.
You feel better.
It was a potion of cancellation.
You feel magically purged.
You open the door.
A jackal comes into view.
There is an open door here. 2 jackals come into view.
A jackal comes into view.
The jackal barks! x4
The jackal bites you but does no damage. x2
The jackal misses you. The jackal completely misses you.
The jackal bites you but does no damage.
The jackal completely misses you. The jackal closely misses you.
You barely miss the jackal. The jackal barely misses you. x2
The jackal closely misses you.
The jackal bites you but does no damage.
You hit the jackal.
The jackal is moderately wounded.
The jackal misses you.
The jackal bites you but does no damage.
The jackal completely misses you. The jackal bites you.
You hit the jackal.
You kill the jackal!
The jackal closely misses you. The jackal bites you. x2
The jackal closely misses you. The jackal bites you.
The jackal bites you but does no damage.
The jackal closely misses you.
The jackal bites you but does no damage. x2
You barely miss the jackal. The jackal bites you. x2
* * * LOW HITPOINT WARNING * * *
The jackal closely misses you.
You barely miss the jackal. The jackal closely misses you.
The jackal misses you. The jackal closely misses you.
You hit the jackal.
The jackal is heavily wounded.
The jackal closely misses you. The jackal bites you.
You die...

########
#......#
######...hh.#
#....'....@.+
#.####....h.#
#.# #......#
#.###########
#.......#
###..####.#
#....#..# #
#.......#
#...#####
#####


You could see 3 jackals.

Vanquished Creatures
  A dart slug (D:1)
  A jackal (D:1)
2 creatures vanquished.

Notes
Turn   | Place    | Note
-------+----------+-------------------------------------------
     0 | D:1      | lesaewzxc the Kobold Brigand began the quest for the Orb.
     0 | D:1      | Reached XP level 1. HP: 12/12 MP: 1/1
   108 | D:1      | Slain by a jackal

Illustrated notes

Levels and vault maps discovered:
D:1:      noname_arrival_rooms_in_the_neighbourhood, layout_basic

Action                   || total
-------------------------++-------
Melee: Dagger            ||     7
  Use: Potion            ||     2
 Stab: Sleeping          ||     1
Armor: Robe              ||     8
Dodge: Dodged            ||    17

Table legend: (Time is in decaauts)
 A = Elapsed time spent in this place.
 B = Non-inter-level travel time spent in this place.
 C = Inter-level travel time spent in this place.
 D = Time resting spent in this place.
 E = Time spent auto-exploring this place.
 F = Levels seen in this place.
 G = Mean time per level.
                   A        B        C        D        E       F      G
               +--------+--------+--------+--------+--------+-----+--------+
         Total |    107 |     90 |     17 |      0 |      0 |   1 |  107.0 |
       Dungeon |    107 |     90 |     17 |      0 |      0 |   1 |  107.0 |
               +--------+--------+--------+--------+--------+-----+--------+

Top non-repeatable levels by time:
     D:1: 107 daAuts
